 Dungeon Crawl Stone Soup version 0.29-a0-557-g43b9904bd1 (webtiles) character file.

Game seed: 2805532506949246909

105 bande the Skirmisher (level 4, -1/29 HPs)
             Began as a Gargoyle Fighter on June 8, 2022.
             Slain by an orc wizard
             ... wielding a +0 dagger
              (3 damage)
             ... on level 3 of the Dungeon.
             The game lasted 00:03:50 (2594 turns).

bande the Skirmisher (Gargoyle Fighter)             Turns: 2594, Time: 00:03:50

Health: -1/29      AC: 14    Str: 19    XL:     4   Next: 81%
Magic:  4/4        EV:  7    Int:  9    God:
Gold:   63         SH:  4    Dex: 11    Spells: 3/3 levels left

rFire   . . .      SeeInvis .   a - +0 war axe
rCold   . . .      Faith    .   c - +0 buckler
rNeg    + . .      Spirit   .   k - +0 chain mail
rPois   ∞          Reflect  .   (no helmet)
rElec   +          Harm     .   (no cloak)
rCorr   .          Rampage  .   (no gloves)
Will    .....                   i - +0 pair of boots
Stlth   ..........              (no amulet)
HPRegen 0.09/turn               (no ring)
MPRegen 0.09/turn               (no ring)

@: no status effects
A: sickness immunity, AC +3, negative energy resistance 1, electricity
resistance, torment resistance 1, petrification resistance
a: no special abilities


You were on level 3 of the Dungeon.
You visited 1 branch of the dungeon, and saw 3 of its levels.

You collected 63 gold pieces.

Inventory:

Hand Weapons
 a - a +0 war axe (weapon)
Armour
 c - a +0 buckler (worn)
 i - a +0 pair of boots (worn)
 k - a +0 chain mail (worn)
Scrolls
 f - 2 scrolls of amnesia {unknown}
 j - a scroll of torment {unknown}
Potions
 b - 2 potions of heal wounds {unknown}
 d - a potion of might
 e - 2 potions of haste
 g - a potion of curing
 h - a potion of cancellation {unknown}
 l - a potion of attraction {unknown}
 m - 2 potions of brilliance


   Skills:
 + Level 4.1 Fighting
 + Level 3.1 Axes
 + Level 4.0 Armour
 + Level 3.6 Shields


You had 3 spell levels left.
You didn't know any spells.
Your spell library contained the following spells:

 Spells                   Type           Power      Damage    Failure   Level
 Slow                     Hex            0%         N/A       99%         1
 Sting                    Tmut/Pois      0%         1d3       99%         1
 Poisonous Vapours        Pois/Air       0%         N/A       100%        2
 Confusing Touch          Hex            0%         N/A       100%        3
 Vampiric Draining        Necr           0%         2d6       100%        3
 Olgreb's Toxic Radiance  Pois           0%         N/A       100%        4


Dungeon Overview and Level Annotations

Branches:
Dungeon (3/15)

Altars:
Makhleb

Annotations:
D:3 3 runed translucent doors


Innate Abilities, Weirdness & Mutations

You are immune to sickness and miasma.
Your stone body is resilient. (AC +3)
You are immune to poison.
You resist negative energy. (rN+)
You are resistant to electric shocks. (rElec)
You are resistant to unholy torment.
You are immune to petrification.


Message History

You kill the orc!
You barely miss the giant cockroach. You hit the goblin but do no damage.
You closely miss the orc wizard. You closely miss the orc.
The giant cockroach closely misses you. The goblin closely misses you.
The orc hits you but does no damage. You block the orc wizard's attack.
The orc hits you but does no damage. The orc barely misses you.
The giant cockroach closely misses you. The orc hits you but does no damage.
The goblin hits you but does no damage. You block the orc's attack.
The orc wizard hits you with a +0 dagger.
The orc barely misses you.
You hit the goblin.
The goblin is severely wounded.
You closely miss the giant cockroach. You completely miss the orc.
You closely miss the orc wizard. You block the giant cockroach's attack.
You block the goblin's attack. The orc hits you but does no damage.
The orc hits you with a +0 hand axe.
* * * LOW HITPOINT WARNING * * *
The orc hits you but does no damage.
The orc wizard hits you but does no damage.
You closely miss the goblin.
The goblin is severely wounded.
You hit the giant cockroach. You slash the orc!
You kill the orc!
You hit the orc wizard but do no damage.
The giant cockroach bites you but does no damage.
The goblin hits you with a +0 club.
* * * LOW HITPOINT WARNING * * *
You block the orc's attack.
The orc wizard hits you but does no damage.
You block the orc's attack. The giant cockroach bites you.
* * * LOW HITPOINT WARNING * * *
You closely miss the goblin.
The goblin is severely wounded.
You hit the giant cockroach.
You kill the giant cockroach!
You barely miss the orc wizard. The goblin closely misses you.
The orc hits you but does no damage. x2
The orc wizard hits you but does no damage.
The orc wizard hits you with a +0 dagger.
You die...

.......#
##.....<....##
#.# #...#..#
#........###
#.# .......+
#....(...# #.#
###....+
#......... #.#
....+
#......#.. #.#
.#..#
#.##...#.. #.#
..# #....###..
##........
#g@o.###..
.......))##
.#....o.o#
..........
..........#
..........#
..........#
#.........#


You could see an orc wizard, 2 orcs and a goblin.

Vanquished Creatures
  3 adders (D:2)
  4 worms
  3 dart slugs
  2 orcs (D:3)
  3 bats (D:2)
  4 endoplasms (D:1)
  4 giant cockroaches
  4 goblins
  6 hobgoblins
  6 kobolds
  3 quokkas
  9 ball pythons
  3 frilled lizards
  4 rats
58 creatures vanquished.

Notes
Turn   | Place    | Note
-------+----------+-------------------------------------------
     0 | D:1      | bande the Gargoyle Fighter began the quest for the Orb.
     0 | D:1      | Reached XP level 1. HP: 14/14 MP: 1/1
   321 | D:1      | Reached XP level 2. HP: 19/19 MP: 2/2
   678 | D:1      | Reached XP level 3. HP: 24/24 MP: 3/3
  1272 | D:2      | Found a burning altar of Makhleb.
  1315 | D:2      | Found a faded altar of an unknown god.
  1868 | D:2      | Reached XP level 4. HP: 29/29 MP: 4/4
  2560 | D:3      | Found a runed translucent gate.
  2560 | D:3      | Found a runed translucent gate.
  2560 | D:3      | Found a runed translucent gate.
  2594 | D:3      | Slain by an orc wizard

Illustrated notes

Levels and vault maps discovered:
D:1:      nicolae_arrival_somewhat_less_tricky_arrival, layout_basic
D:2:      layout_loops_ring, hellmonk_ecumenical_altar_crossroads, basic_altar,
          chequers_serial_rivers_room_a
D:3:      layout_rooms, gammafunk_ghost_cemetery, hangedman_decor_push

Skill      XL: |  1  2  3  4 |
---------------+-------------+-----
Axes           | 2 3 |  3.1
Armour         | 4 |  4.0
Fighting       | 4 |  4.1
Shields        | |  3.6

Action                   |  1- 3 |  4- 6 || total
-------------------------+-------+-------++-------
Melee: War axe           |   104 |    50 ||   154
  Use: Scroll            |     2 |     5 ||     7
Armor: Scale mail        |    47 |     4 ||    51
       Chain mail        |       |    49 ||    49
Dodge: Dodged            |    44 |    24 ||    68
Block: Buckler           |    27 |    18 ||    45

Table legend: (Time is in decaauts)
 A = Elapsed time spent in this place.
 B = Non-inter-level travel time spent in this place.
 C = Inter-level travel time spent in this place.
 D = Time resting spent in this place.
 E = Time spent auto-exploring this place.
 F = Levels seen in this place.
 G = Mean time per level.
                   A        B        C        D        E       F      G
               +--------+--------+--------+--------+--------+-----+--------+
         Total |   2657 |   2626 |     31 |      0 |   2126 |   3 |  885.7 |
       Dungeon |   2657 |   2626 |     31 |      0 |   2126 |   3 |  885.7 |
               +--------+--------+--------+--------+--------+-----+--------+

Top non-repeatable levels by time:
     D:1: 1260 daAuts
     D:2: 1099 daAuts
     D:3: 297 daAuts
